 Dungeon Crawl Stone Soup version 0.31-a0-876-gfe8ebadbca (webtiles) character file.

Game seed: 3843997236124271612

398 Azuregosa the Sneak (level 6, -6/38 HPs)
             Began as an Octopode Delver on Oct 13, 2023.
             Was a Believer of Hepliaklqana.
             Shot with an arrow by a centaur (9 damage)
             ... on level 5 of the Dungeon.
             The game lasted 00:15:20 (2888 turns).

Azuregosa the Sneak (Octopode Delver)               Turns: 2888, Time: 00:15:20

Health: -6/38      AC:  1    Str: 11    XL:     6   Next: 83%
Magic:  10/10      EV: 13    Int: 15    God:    Hepliaklqana [**....]
Gold:   228        SH:  0    Dex: 13    Spells: 7/10 levels left

rFire   . . .        l - +0 halberd
rCold   . . .        (shield currently unavailable)
rNeg    . . .        (helmet restricted)
rPois   .            (no amulet)
rElec   .            (no ring)
rCorr   .            (no ring)
SInv    .            (no ring)
Will    .....        (no ring)
Stlth   +++++        (no ring)
HPRegen 0.26/turn    (no ring)
MPRegen 0.12/turn    (no ring)
                     (no ring)

%: no passive effects
@: no status effects
A: reduced essence, almost no armour, amphibious, 8 rings, camouflage 1,
gelatinous body 1, (nimble swimmer 1), tentacles
a: Renounce Religion, Recall Ancestor, Ancestor Identity


You were on level 5 of the Dungeon.
You worshipped Hepliaklqana.
Hepliaklqana was pleased with you.
You visited 1 branch of the dungeon, and saw 6 of its levels.

You collected 228 gold pieces.

Inventory:

Hand Weapons
 a - a +0 hand axe
 l - a +0 halberd (weapon)
 p - a +1 dagger of pain
 r - a +4 dagger
Missiles
 c - 8 poisoned darts
Wands
 f - a wand of digging (3)
Scrolls
 b - a scroll of fog
 d - a scroll of fear
 g - 3 scrolls of teleportation {unknown}
 k - a scroll of summoning {unknown}
 m - a scroll of amnesia {unknown}
 n - a scroll of revelation
 q - a scroll of immolation {unknown}
 t - a scroll of vulnerability {unknown}
 u - a scroll of blinking {unknown}
Potions
 e - a potion of haste
 h - a potion of magic {unknown}
 i - 2 potions of curing {unknown}
 j - a potion of lignification {unknown}
 o - a potion of invisibility {unknown}
 s - a potion of heal wounds {unknown}
 v - 2 potions of might {unknown}


   Skills:
 + Level 4.1 Fighting
 - Level 2.2(2.6) Axes
 + Level 1.8(2.4) Polearms
 - Level 2.2 Dodging
 + Level 7.8 Stealth
 * Level 2.8 Spellcasting
 * Level 2.6 Air Magic


You had 7 spell levels left.
You knew the following spells:

 Your Spells              Type           Power      Damage    Failure   Level
a - Swiftness             Air            10%        N/A       21%         3

Your spell library contained the following spells:

 Spells                   Type           Power      Damage    Failure   Level
 Blink                    Tloc           4%         N/A       30%         2
 Ensorcelled Hibernation  Hex/Ice        4%         N/A       30%         2
 Lesser Beckoning         Tloc           4%         N/A       30%         2
 Momentum Strike          Conj/Tloc      4%         3d8       30%         2
 Passwall                 Tmut/Erth      1%         N/A       30%         2
 Inner Flame              Hex/Fire       2%         N/A       52%         3
 Yara's Violent Unravell  Hex/Tmut       1%         3d3       99%         5
 Enfeeble                 Hex            1%         N/A       100%        7


Dungeon Overview and Level Annotations

Branches:
Dungeon (6/15)
 Temple: D:4-7

Altars:
Dithmenos
Hepliaklqana
Okawaru
Trog

Shops:
D:1 [

Annotations:
D:4 Eustachio


Innate Abilities, Weirdness & Mutations

Your life essence is reduced to manifest your ancestor. (-10% HP)
You cannot wear most types of armour.
You are amphibious.
You can wear up to eight rings at the same time.
Your skin changes colour to match your surroundings (Stealth+).
Your rubbery body absorbs attacks. (AC +1, EV +1)
((You are camouflaged when in or above water. (Stealth+)))
You have tentacles for arms and can constrict up to eight enemies at once.


Message History

The ogre hits you with a +0 giant club!!
Ouch! That really hurt!
You barely miss the ogre. You squeeze the ogre.
The ogre is almost dead.
The ogre closely misses you.
You slash the ogre!
You kill the ogre!
You start resting.
Magic restored.
You start resting.
HP restored.
You see here a +0 giant club.
A hound is nearby!
You see here 8 gold pieces.
You now have 228 gold pieces (gained 8).
v - 2 fuming black potions The hound barks!
The hound bites you.
A centaur comes into view.
You barely miss the hound.
The centaur shouts!
Your grab misses the hound. The hound barely misses you.
The centaur wields a +0 orcbow.
The centaur shoots an arrow.
The arrow barely misses you. The hound bites you.
The centaur shoots an arrow.
The arrow barely misses you.
You hit the hound. You grab the hound.
The hound is lightly wounded.
You constrict the hound. The hound closely misses you.
The centaur shoots an arrow.
The arrow barely misses you. The hound bites you.
You hit the hound.
The hound is heavily wounded.
You constrict the hound. The hound bites you.
The centaur shoots an arrow.
The arrow barely misses you. The hound bites you.
You slash the hound!
You kill the hound!
The centaur shoots an arrow.
The arrow hits you!
The centaur shoots an arrow.
The arrow hits you!
* * * LOW HITPOINT WARNING * * *
The centaur shoots an arrow.
The arrow hits you!
You die...

***##.#.#............#.....##
,,..#.#☼#...................##
**###/#☼##...............)...#
##|#☼#....................#
##$#.#....................# *
##$#.+....................#
***##$#.#.....[..............#
,,,.#####..................†.#
,***.###........@...........##
,,,,,,.............<.#.....##
,,,,,,............##########
,,**,**#..........# ,,,,,*
*.$..c.....#
,,******,.........#
*,*,,,,,,.........#
,,,,*****........##
,,*******#......##


You could see a centaur.

Vanquished Creatures
  An ogre (D:5)
  2 hounds (D:5)
  An iguana (D:4)
  2 orc wizards (D:3)
  3 gnolls
  7 adders
  3 worms
  3 orcs (D:3)
  5 bats
  6 endoplasms
  A giant cockroach (D:1)
  A goblin (D:1)
  5 hobgoblins
  2 jackals (D:1)
  5 quokkas
  7 ball pythons
  A frilled lizard (D:2)
  4 kobolds
  9 rats
68 creatures vanquished.

Vanquished Creatures (collateral kills)
  A dart slug (D:1)
  2 bats (D:1)
  4 endoplasms (D:1)
  A goblin (D:2)
  2 hobgoblins
  4 jackals (D:1)
  A frilled lizard (D:1)
  2 rats (D:1)
17 creatures vanquished.

Vanquished Creatures (others)
  2 ancestors (D:3)
2 creatures vanquished.

Grand Total: 87 creatures vanquished

Notes
Turn   | Place    | Note
-------+----------+-------------------------------------------
     0 | D:5      | Azuregosa the Octopode Delver began the quest for the Orb.
     0 | D:5      | Reached XP level 1. HP: 16/16 MP: 1/1
    33 | D:4      | Noticed an iguana
    68 | D:4      | Found a shadowy altar of Dithmenos.
    69 | D:4      | Found a hazy altar of Hepliaklqana.
    71 | D:4      | Noticed a shadow
    84 | D:4      | Became a worshipper of Hepliaklqana the Forgotten
   152 | D:4      | Noticed a kobold brigand
   350 | D:3      | Reached XP level 2. HP: 21/21 MP: 2/2
   373 | D:3      | Reached XP level 3. HP: 26/26 MP: 3/3
   422 | D:3      | Reached skill level 7 in Stealth
   454 | D:4      | Reached skill level 1 in Spellcasting
   515 | D:3      | Reached XP level 4. HP: 12/32 MP: 5/5
   617 | D:3      | Learned a level 3 spell: Swiftness
   883 | D:1      | Found Zokk's Antique Armour Shop.
   921 | D:1      | Reached skill level 1 in Air Magic
   944 | D:1      | Reached XP level 5. HP: 37/37 MP: 7/7
   945 | D:1      | Reached * piety under Hepliaklqana
   976 | D:1      | Found a bloodstained altar of Trog.
  1851 | D:3      | Reached skill level 1 in Polearms
  2062 | D:3      | Reached ** piety under Hepliaklqana
  2063 | D:3      | Remembered your ancestor Xolani as a knight
  2481 | D:4      | Reached XP level 6. HP: 38/38 MP: 9/9
  2492 | D:4      | Found an iron altar of Okawaru.
  2550 | D:4      | Noticed Eustachio
  2888 | D:5      | Shot with an arrow by a centaur

Illustrated notes

Levels and vault maps discovered:
D:1:      saegor_arrival_simple_d, layout_basic, serial_shops,
          nicolae_shop_competitors_out_of_business, serial_rivers,
          chequers_serial_rivers_room_a, chequers_serial_rivers_micro_a,
          chequers_serial_rivers_micro_d, chequers_serial_rivers_marsh,
          minmay_hexomino_r4
D:2:      layout_basic, dilly_ecumenical_altar_fadedgnrine, serial_curves,
          eino_curves_04, eino_curves_01, eino_curves_03, eino_curves_02,
          minmay_diced_spiral, uniq_jessica
D:3:      layout_basic
D:4:      layout_basic, riverfiend_overflow_shadow_ancestor,
          mainiacjoe_overflow_cross_hatched, uniq_eustachio, uniq_robin
D:5:      lemuel_ice_spiral_2, layout_rooms, uniq_duvessa
D:6:      layout_loops_ring, minmay_temple_entry_stoned_glass, serial_shops,
          nicolae_shop_tiny_real_fake_doors, grunt_potential, uniq_blork_the_orc

Skill      XL: |  1  2  3  4  5  6 |
---------------+-------------------+-----
Stealth        | 7 |  7.8
Spellcasting   | 1 2 |  2.8
Air Magic      | 1 2 |  2.6
Polearms       | 1 |  1.8
Fighting       | 4 |  4.1
Axes           | |  2.2
Dodging        | |  2.2

Action                     |  1- 3 |  4- 6 || total
---------------------------+-------+-------++-------
  Melee: Hand axe          |    30 |       ||    30
         Constrict         |    10 |    27 ||    37
         Tentacles         |     8 |    18 ||    26
         Halberd           |       |   115 ||   115
         Punch             |       |     2 ||     2
 Invoke: Ancestor Life: Kn |       |     1 ||     1
         Ancestor Identity |       |     1 ||     1
    Use: Scroll            |     1 |     1 ||     2
   Stab: Sleeping          |     3 |    15 ||    18
         Distracted        |       |     1 ||     1
 Armour: Skin              |    14 |    75 ||    89
  Dodge: Dodged            |    33 |    80 ||   113

Table legend: (Time is in decaauts)
 A = Elapsed time spent in this place.
 B = Non-inter-level travel time spent in this place.
 C = Inter-level travel time spent in this place.
 D = Time resting spent in this place.
 E = Time spent auto-exploring this place.
 F = Levels seen in this place.
 G = Mean time per level.
                   A        B        C        D        E       F      G
               +--------+--------+--------+--------+--------+-----+--------+
         Total |   2943 |   2893 |     50 |    766 |    966 |   6 |  490.5 |
       Dungeon |   2943 |   2893 |     50 |    766 |    966 |   6 |  490.5 |
               +--------+--------+--------+--------+--------+-----+--------+

Top non-repeatable levels by time:
     D:3: 1067 daAuts
     D:1: 743 daAuts
     D:2: 421 daAuts
     D:5: 375 daAuts
     D:4: 330 daAuts
     D:6: 4 daAuts
